 Dungeon Crawl Stone Soup version 0.20-a0-59-g66a9409 (webtiles) character file.

116 GlassEater the Sneak (level 4, -1/23 HPs)
             Began as a Spriggan Assassin on Nov 17, 2016.
             Was an Initiate of Okawaru.
             Killed from afar by an orc wizard (6 damage)
             ... with a magic dart
             ... on level 3 of the Dungeon.
             The game lasted 00:03:41 (1944 turns).

GlassEater the Sneak (Spriggan Assassin)            Turns: 1944, Time: 00:03:42

Health: -1/23      AC:  3    Str:  7    XL:     4   Next: 70%
Magic:  5/5        EV: 16    Int: 12    God:    Okawaru [......]
Gold:   63         SH:  6    Dex: 18    Spells: 0 memorised, 3 levels left

rFire  . . .     SeeInvis +     a - +2 dagger
rCold  . . .     Gourm    .     c - +0 robe
rNeg   . . .     Faith    .     k - +0 buckler
rPois  .         Spirit   .     (helmet restricted)
rElec  .         Reflect  .     d - +0 cloak
rCorr  .         Harm     .     (gloves unavailable)
MR     .....                    (boots unavailable)
Stlth  ++++......               (no amulet)
                                (no ring)
                                (no ring)

@: very quick
A: unfitting armour, see invisible, herbivore 3, speed 3, slow metabolism 2
a: Renounce Religion


You were on level 3 of the Dungeon.
You worshipped Okawaru.
Okawaru was noncommittal.
You were not hungry.

You visited 1 branch of the dungeon, and saw 3 of its levels.

You collected 63 gold pieces.

Inventory:

Hand Weapons
 a - a +2 dagger (weapon)
 b - a +0 blowgun
Missiles
 e - 33 poisoned needles
 f - 2 curare-tipped needles
Armour
 c - a +0 robe (worn)
 d - a +0 cloak (worn)
 k - a +0 buckler (worn)
Scrolls
 h - 4 scrolls of identify {unknown}
 j - 2 scrolls of teleportation {unknown}
 n - a scroll of amnesia {unknown}
 o - a scroll of fear {unknown}
Potions
 i - 2 potions of invisibility {unknown}
 l - a potion of cancellation
 m - a potion of agility {unknown}
 p - a potion of magic {unknown}
Comestibles
 g - 2 bread rations


   Skills:
 + Level 1.9 Fighting
 + Level 3.2 Short Blades
 + Level 2.4 Throwing
 + Level 2.0 Dodging
 + Level 7.6 Stealth
 * Level 0.4 Shields


You had 3 spell levels left.
You didn't know any spells.

Dungeon Overview and Level Annotations

Branches:
Dungeon (3/15)

Altars:
Kikubaaqudgha
Makhleb
Nemelex Xobeh
Okawaru
Uskayaw
Vehumet
Xom


Innate Abilities, Weirdness & Mutations

You are very small and have problems with some larger weapons.
You are too small for most types of armour.
You have supernaturally acute eyesight. (SInv)
You are a herbivore.
You cover ground extremely quickly.
You need consume almost no food.


Message History

You hit the orc.
The orc is heavily wounded.
The orc barely misses you.
You hit the orc.
The orc is heavily wounded.
The orc hits you but does no damage.
You barely miss the orc.
The orc is heavily wounded.
The orc wizard casts a spell.
The orc wizard blinks!
The orc hits you but does no damage.
You hit the orc.
You kill the orc!
Okawaru accepts your kill.
The orc wizard gestures at you while chanting.
The magic dart hits you!
* * * LOW HITPOINT WARNING * * *
It was a potion of cancellation.
You feel magically purged.
The orc wizard points at you and mumbles some strange words.
The magic dart hits you!
You die...

##'###+### #########..#
#..........#
#..........#
######..........##.#
...............o.#.#
...............ยง.#.#
...........#####)#.#
...........# #@#.#
...........# #.#[#
######.##### #...# #.#
##..# #.## #..# #######
#..# ##.####.....# ##.#
#>.........# #.##
##########.....#
#..#####.....<........#


You could see an orc wizard.

Vanquished Creatures
  A bullfrog (D:2)
  2 adders (D:3)
  A worm (D:2)
  A dart slug (D:2)
  2 orcs (D:3)
  2 giant cockroaches
  2 goblins
  4 hobgoblins
  A quokka (D:2)
  3 bats
  A frilled lizard (D:1)
  4 kobolds
  9 rats
33 creatures vanquished.

Notes
Turn   | Place    | Note
-------+----------+-------------------------------------------
     0 | D:1      | GlassEater the Spriggan Assassin began the quest for the Orb.
     0 | D:1      | Reached XP level 1. HP: 10/10 MP: 2/2
    40 | D:1      | Reached skill level 6 in Stealth
   181 | D:1      | Reached XP level 2. HP: 14/15 MP: 3/3
   795 | D:2      | Noticed a bullfrog
   812 | D:2      | Killed a bullfrog
   812 | D:2      | Reached skill level 7 in Stealth
   812 | D:2      | Reached XP level 3. HP: 6/18 MP: 4/4
   812 | D:2      | Reached XP level 4. HP: 7/23 MP: 5/5
  1053 | D:2      | Found an iron altar of Okawaru.
  1053 | D:2      | Found a radiant altar of Vehumet.
  1098 | D:2      | Became a worshipper of Warmaster Okawaru
  1162 | D:2      | Found a burning altar of Makhleb.
  1162 | D:2      | Noticed a green death
  1165 | D:2      | Noticed a neqoxec
  1165 | D:2      | Noticed a ynoxinul
  1513 | D:3      | Found a shimmering altar of Xom.
  1544 | D:3      | Found a hide-covered altar of Uskayaw.
  1546 | D:3      | Found an ancient bone altar of Kikubaaqudgha.
  1766 | D:3      | Found a sparkling altar of Nemelex Xobeh.
  1944 | D:3      | Killed from afar by an orc wizard

Vault maps used:
D:1:      dpeg_arrival_solitude
D:2:      gammafunk_temple_overflow_wave, makhleb_altar_promises_db
D:3:      nicolae_overflow_quartered_altars

Skill      XL: |  1  2 |
---------------+-------+-----
Stealth        | 6 7 |  7.6
Short Blades   | 3 |  3.2
Dodging        | 2 |  2.0
Fighting       | |  1.9
Throwing       | |  2.4
Shields        | |  0.4

Action                   |  1- 3 |  4- 6 || total
-------------------------+-------+-------++-------
Melee: Dagger            |    70 |    45 ||   115
  Use: Potion            |       |     1 ||     1
 Stab: Sleeping          |     3 |     4 ||     7
       Distracted        |       |     2 ||     2
Armor: Robe              |     8 |     4 ||    12
Dodge: Dodged            |    29 |    15 ||    44
Block: Buckler           |     4 |     8 ||    12
